Map: Cyber Forest LE

Players

Element - Winner!

  • Race: Zerg Zerg
  • League: Platinum
  • Spawn Location: 11:00

Woah

  • Race: Terran Terran
  • Spawn Location: 5:00

VOD

Have the link to the VOD?

Description

Time

  • Played on: June 12, 2019, 3:16 a.m.
  • Length: 21:16
Show
View Real Time Build Order
Export as new Build Order

Element Zerg - Winner!

Build Orders: Hatch First 

Get SALT Encoding   

  12  0:02  Drone  
  13  0:14  Overlord  
  13  0:17  Drone  
  14  0:33  Drone  
  14  0:34  Drone  
  16  0:37  Drone  
  17  0:54  Hatchery  
  16  0:57  Drone  
  17  1:08  Extractor, Drone  
  17  1:17  Spawning Pool  
  16  1:19  Drone  
  17  1:27  Drone  
  17  1:31  Drone  
  19  1:44  Overlord  
  19  2:04  Queen  
  19  2:06  Queen  
  19  2:08  Zergling x4  
  25  2:11  Drone  
  26  2:16  Drone  
  26  2:18  Metabolic Boost  
  27  2:29  Zergling x6  
  30  2:40  Drone x2  
  31  3:02  Zergling x8  
  35  3:10  Overlord  
  35  3:27  Zergling x2  
  36  3:28  Queen  
  36  3:29  Overlord  
  36  3:30  Zergling x10  
  41  3:47  Zergling x2  
  41  3:48  Zergling x8  
  43  4:06  Zergling x6  
  43  4:07  Zergling x4  
  47  4:19  Baneling Nest  
  47  4:23  Drone x5  
  47  4:24  Drone  
  52  4:26  Overlord  
  52  4:53  Overlord x2  
  52  4:54  Drone  
  52  4:55  Drone x6  
  59  5:01  Extractor, Drone x2  
  59  5:02  Overlord  
  60  5:14  Baneling x2  
  60  5:15  Baneling x5  
  60  5:22  Zergling x2  
  60  5:23  Zergling x6  
  60  5:24  Overlord  
  59  5:48  Zergling x12  
  48  6:30  Lair  
  48  6:34  Extractor  
  48  6:37  Drone x6  
  53  6:50  Hatchery  
  52  7:03  Extractor, Zergling x10  
  52  7:04  Zergling x4  
  52  7:05  Baneling x4  
  52  7:06  Baneling  
  58  7:10  Zergling x8  
  58  7:11  Zergling x2  
  63  7:22  Spore Crawler  
  62  7:25  Overlord  
  62  7:26  Overlord  
  60  7:38  Overlord x2  
  59  7:49  Zergling x2  
  59  7:50  Zergling x10  
  64  7:55  Spore Crawler  
  63  8:03  Spire  
  62  8:05  Drone  
  62  8:06  Drone x2  
  62  8:11  Queen  
  67  8:39  Spore Crawler  
  67  8:40  Drone x3  
  67  8:41  Drone x6  
  75  8:42  Overlord  
  75  8:43  Zergling x6, Drone  
  75  8:46  Overseer  
  75  8:47  Queen  
  81  8:48  Baneling x2  
  81  8:49  Baneling x4  
  81  8:51  Centrifical Hooks  
  81  9:00  Drone x4  
  59  9:26  Corruptor x3  
  59  9:29  Zergling x2  
  59  9:30  Queen, Zergling x14  
  75  9:40  Extractor  
  74  9:50  Corruptor  
  74  9:52  Zergling x16  
  84  9:58  Evolution Chamber  
  83  10:00  Drone x2  
  83  10:02  Drone  
  83  10:03  Drone x2  
  88  10:09  Zergling x2  
  88  10:10  Drone x3  
  92  10:17  Baneling x6  
  83  10:51  Zergling x18  
  83  10:52  Zergling x14  
  99  11:02  Drone x5  
  99  11:03  Drone x2  
  106  11:07  Zerg Melee Weapons Level 1  
  106  11:13  Evolution Chamber  
  93  11:54  Baneling x7  
  93  11:55  Baneling x3  
  93  11:57  Drone x7  
  93  11:58  Zergling x2, Drone  
  93  11:59  Zergling x14  
  109  12:03  Zerg Ground Armor Level 1  
  109  12:05  Zerg Flyer Armor Level 1  
  109  12:07  Drone x2  
  111  12:20  Hatchery  
  110  12:24  Extractor  
  109  12:47  Zergling x16  
  109  12:48  Drone x6  
  109  12:49  Drone  
  124  13:05  Overseer  
  124  13:06  Overseer  
  124  13:07  Pneumatized Carapace  
  124  13:16  Zerg Melee Weapons Level 2  
  124  13:18  Corruptor x3  
  127  13:39  Zergling x2  
  127  13:40  Zergling x32  
  117  13:51  Zergling x2  
  117  13:52  Zergling x10  
  115  13:58  Zergling x12  
  115  13:59  Zerg Flyer Weapons Level 1  
  121  14:04  Queen  
  121  14:08  Zergling x8  
  127  14:11  Baneling x5  
  127  14:12  Baneling x3, Zergling x2  
  128  14:21  Drone x3  
  131  14:28  Extractor  
  131  14:31  Extractor  
  129  14:33  Zerg Ground Armor Level 2  
  129  14:38  Infestation Pit  
  128  14:40  Baneling x8  
  128  14:49  Baneling  
  128  14:50  Baneling x12  
  128  14:55  Corruptor x3  
  134  15:00  Zergling x2  
  134  15:02  Overlord x5  
  118  15:20  Drone  
  119  15:21  Drone x5  
  119  15:22  Overlord x2  
  119  15:23  Zergling x2  
  119  15:24  Zergling x18  
  119  15:28  Hive  
  134  15:34  Overseer  
  131  15:53  Zerg Flyer Armor Level 2  
  131  15:56  Zergling x8  
  131  15:57  Zergling x28  
  149  16:10  Drone x4  
  153  16:21  Hatchery  
  153  16:22  Baneling x11  
  147  16:35  Drone x10  
  147  16:36  Drone x11  
  161  16:48  Burrow  
  161  16:50  Hatchery, Spine Crawler  
  159  17:03  Spore Crawler  
  131  17:26  Corruptor x3  
  131  17:27  Zergling x2  
  131  17:28  Zergling x40  
  156  17:44  Zergling x2  
  156  17:45  Zergling x6  
  160  17:59  Zergling x2  
  160  18:00  Zergling x8  
  155  18:23  Baneling x5  
  155  18:24  Baneling x3  
  155  18:32  Queen  
  157  18:35  Zergling x30  
  157  18:36  Overlord  
  157  18:37  Corruptor x2  
  176  18:42  Greater Spire  
  176  18:43  Corruptor  
  176  18:44  Zergling x16  
  176  18:45  Zergling x4  
  188  18:52  Spine Crawler  
  188  18:55  Spore Crawler  
  186  19:08  Drone x4  
  190  19:12  Zergling x2  
  190  19:16  Baneling  
  191  19:17  Baneling x10  
  189  19:35  Extractor  
  189  19:37  Extractor  
  187  19:41  Spine Crawler  
  186  19:48  Spine Crawler  
  185  20:25  Hatchery, Brood Lord x2  
  185  20:26  Corruptor, Brood Lord x4  
  184  20:44  Drone x2  
  184  20:45  Drone x4  
Show
View Real Time Build Order
Export as new Build Order

Woah Terran 

Build Orders: Reaper Expand 

Get SALT Encoding   

  12  0:01  SCV  
  13  0:13  SCV  
  14  0:17  Supply Depot  
  14  0:26  SCV  
  15  0:39  SCV  
  15  0:42  Barracks  
  16  0:45  Refinery  
  16  0:51  SCV  
  17  1:03  SCV  
  18  1:15  SCV  
  19  1:28  Orbital Command  
  19  1:31  Reaper  
  20  1:43  Command Center  
  20  1:54  Barracks  
  20  1:57  SCV  
  21  2:04  Barracks Reactor  
  21  2:08  Supply Depot  
  21  2:10  SCV  
  21  2:14  Refinery  
  22  2:25  Factory  
  22  2:29  SCV  
  23  2:44  Barracks Tech Lab  
  23  2:47  SCV  
  24  3:04  SCV  
  24  3:05  Marine x2  
  27  3:06  Marine  
  27  3:07  Stimpack  
  27  3:10  Orbital Command  
  28  3:26  SCV  
  28  3:40  Marine x3  
  27  3:44  Orbital Command  
  27  3:58  Marine x3  
  29  4:11  Bunker  
  29  4:15  Engineering Bay  
  29  4:19  Bunker, Marine x2  
  31  4:30  Marine  
  32  4:41  SCV  
  32  4:42  SCV  
  34  4:53  SCV  
  34  4:54  SCV  
  34  4:55  Starport  
  34  4:59  Supply Depot  
  36  5:05  Supply Depot  
  36  5:08  Combat Shield  
  36  5:14  Marine x3  
  39  5:22  Supply Depot  
  39  5:25  Supply Depot  
  39  5:31  Factory Reactor  
  39  5:32  Marine x3  
  35  6:10  Supply Depot  
  35  6:14  SCV x2  
  35  6:15  Terran Infantry Weapons Level 1  
  37  6:20  Barracks  
  37  6:22  Orbital Command, Factory Tech Lab  
  37  6:25  Medivac  
  39  6:26  SCV  
  39  6:30  Medivac  
  42  6:48  Siege Tank  
  45  6:56  SCV x2, Engineering Bay, Supply Depot  
  45  6:57  Engineering Bay  
  47  7:14  SCV x2  
  47  7:15  Supply Depot  
  49  7:16  Supply Depot  
  49  7:31  Terran Infantry Armor Level 1  
  46  8:04  Command Center  
  46  8:13  Barracks x2  
  46  8:15  Marine x2  
  46  8:16  Marine  
  49  8:20  Barracks  
  49  8:25  Barracks  
  49  8:27  Supply Depot, Barracks  
  49  8:28  Supply Depot  
  49  8:33  Marine  
  50  8:36  Marine x3  
  53  8:45  Refinery  
  53  8:48  Refinery  
  53  8:51  Marine  
  53  8:53  Marine  
  53  8:54  Marine x2  
  50  9:19  Marine x4  
  50  9:23  Barracks Reactor x2  
  44  9:25  Medivac  
  46  9:32  Barracks Tech Lab  
  46  9:33  Barracks Tech Lab  
  46  9:34  Orbital Command  
  46  9:35  SCV  
  46  9:37  SCV, Marine x2  
  50  9:40  Marine x3  
  53  9:54  Marine  
  53  9:55  Marine  
  53  9:57  SCV x2  
  53  9:58  Marine  
  58  10:03  Marauder x2  
  58  10:06  SCV  
  63  10:09  SCV x2  
  64  10:40  Marauder, Marine  
  64  10:41  Marine x9  
  59  10:47  Bunker  
  57  10:58  Marine x3  
  57  10:59  Marine x7  
  57  11:01  Marine, Refinery  
  57  11:02  Medivac x2  
  71  11:16  Marine x3  
  49  11:23  Marine x2  
  48  11:28  Marine x4  
  45  11:39  Marine  
  33  11:40  Marine x2  
  33  11:46  Marine  
  34  11:47  SCV  
  34  11:55  Siege Tank  
  37  12:01  SCV  
  38  12:10  Marine x2  
  38  12:12  Marine  
  38  12:15  Marine  
  42  12:19  SCV  
  42  12:20  SCV  
  44  12:33  Bunker  
  44  12:35  Supply Depot  
  44  12:43  Marine  
  44  12:44  Marine x2  
  45  12:48  Barracks Reactor  
  47  13:12  Marine  
  47  13:13  Marine x5  
  53  13:30  Marine  
  53  13:31  Marine x5  
  56  13:48  Marine x3  
  48  13:49  Marine  
  51  14:04  Supply Depot x2  
  51  14:06  Marauder, Marine x5  
  51  14:07  Marauder  
  51  14:08  Siege Tank  
  65  14:13  SCV  
  65  14:14  SCV  
  67  14:19  Armory  
  67  14:22  Medivac  
  67  14:36  Marine x3  
  67  14:38  Barracks Tech Lab  
  70  14:54  Command Center  
  57  15:13  Marine x8  
  35  15:31  Marine x2  
  35  15:35  Marine  
  38  15:37  Marine  
  38  15:38  Marine x3  
  38  15:40  Marine  
  43  15:48  Marine  
  43  15:49  Marine  
  44  15:53  Marine  
  44  15:55  Marine x4  
  49  15:58  Marine  
  49  16:03  Terran Infantry Weapons Level 2  
  50  16:06  Terran Infantry Armor Level 2, Marine  
  50  16:07  Marine  
  50  16:10  Marine  
  53  16:13  Medivac  
  54  16:39  Marine x2  
  49  16:46  Siege Tank  
  52  16:48  Orbital Command  
  52  16:55  Marauder x3, Marine  
  33  17:22  Marine  
  33  17:23  Marine x6  
  33  17:24  Marine  
  43  18:00  SCV  
  42  18:22  Command Center  
  42  18:35  Marine x8  
  42  18:39  SCV  
  51  18:53  Marine x4  
  55  18:57  SCV  
  56  19:09  SCV  
  57  19:21  SCV  
  52  19:25  Widow Mine  
  52  19:27  Marauder x2, Marine x3  
  61  19:49  Marine x6  
  67  19:58  Medivac  
  69  20:15  Marine x4  
  69  20:19  SCV  
  74  20:22  SCV  
  65  20:44  Marine  
  65  20:45  Marine x7  
  65  20:49  SCV x2  
  75  21:01  SCV  
Tags
 
League
Platinum
Matchup
TvZ
Replay Pack
r1
Spawn Locations
Cross Positions
Add a new tag
Caveats
  • Supply blocks, unpowered buildings, or Contaminate may cause inaccurate times.
  • Supply counts are checked every 10 seconds.